 Dungeon Crawl Stone Soup version 0.27-a0-1381-g81fdcbfb23 (webtiles) character file.

Game seed: 11380798260388903706

1966 Nattfarinn the Nimble (level 9, -1/53 HPs)
             Began as an Octopode Transmuter on June 30, 2021.
             Slain by an orc warrior (16 damage)
             ... on level 7 of the Dungeon.
             The game lasted 00:13:04 (8263 turns).

Nattfarinn the Nimble (Octopode Transmuter)         Turns: 8263, Time: 00:13:05

Health: -1/53      AC:  2    Str: 12    XL:     9   Next: 19%
Magic:  11/12      EV: 29    Int: 16    God:
Gold:   282        SH:  0    Dex: 23    Spells: 4/12 levels left

rFire    . . .     SeeInvis .     - Unarmed
rCold    . . .     Faith    .   (shield currently unavailable)
rNeg     . . .     Spirit   .   (helmet currently unavailable)
rPois    x         Reflect  .   (no amulet)
rElec    .         Harm     .   g - +6 ring of dexterity
rCorr    .         Rampage  .   (no ring)
Will     .....                  (no ring)
Stlth    ++........             (no ring)
HPRegen  0.17/turn              (no ring)
MPRegen  0.13/turn              (no ring)
                                (no ring)
                                (no ring)

@: spider-form (expiring)
A: venomous fangs, almost no armour, (amphibious), 8 rings, tiny, (camouflage
1), (gelatinous body 1), (nimble swimmer 1), (tentacles)
a: End Transformation


You were on level 7 of the Dungeon.
You were a venomous arachnid creature.
You visited 1 branch of the dungeon, and saw 7 of its levels.

You collected 282 gold pieces.

Inventory:

Jewellery
 g - a +6 ring of dexterity (left front leg)
 p - a +6 ring of dexterity
Wands
 f - a wand of paralysis (6)
 h - a wand of charming (5)
 n - a wand of iceblast (11)
Scrolls
 a - 5 scrolls of teleportation
 c - 2 scrolls of identify
 d - 2 scrolls of enchant weapon
 e - a scroll of brand weapon
 l - a scroll of noise
Potions
 b - 5 potions of curing
 i - 3 potions of might
 j - a potion of ambrosia {unknown}
 k - 2 potions of heal wounds {unknown}
 o - a potion of lignification {unknown}
 q - a potion of cancellation {unknown}
 r - a potion of mutation {unknown}
 s - a potion of magic {unknown}


   Skills:
 - Level 1.0 Fighting
 * Level 9.0 Dodging
 + Level 6.8 Unarmed Combat
 - Level 2.0 Spellcasting
 - Level 5.2 Transmutations


You had 4 spell levels left.
You knew the following spells:

 Your Spells              Type           Power      Damage    Failure   Level
a - Beastly Appendage     Tmut           36%        N/A       10%         1
b - Spider Form           Tmut/Pois      4%         N/A       43%         3
c - Ice Form              Ice/Tmut       9%         N/A       77%         4

Your spell library contained the following spells:

 Spells                   Type           Power      Damage    Failure   Level
 Wereblood                Tmut           18%        N/A       12%         2
 Apportation              Tloc           2%         N/A       41%         1
 Confusing Touch          Hex            1%         N/A       73%         3
 Gell's Gravitas          Tloc           0%         N/A       73%         3
 Lesser Beckoning         Tloc           0%         N/A       73%         3
 Tukima's Dance           Hex            1%         N/A       73%         3
 Petrify                  Tmut/Erth      9%         N/A       77%         4
 Alistair's Intoxication  Tmut/Pois      6%         N/A       97%         5
 Yara's Violent Unravell  Hex/Tmut       4%         3d4       97%         5
 Metabolic Englaciation   Hex/Ice        0%         N/A       100%        5
 Invisibility             Hex            0%         N/A       100%        6


Dungeon Overview and Level Annotations

Branches:
Dungeon (7/15)             Temple (0/1) D:7

Altars:
Dithmenos
Ru

Shops:
D:4 (

Annotations:
D:4 Menkaure


Innate Abilities, Weirdness & Mutations

You are a venomous arachnid creature.
You have poisonous fangs.
You are tiny and dextrous.
Your spellcasting is less reliable in this form.
Your armour is entirely melded.
You are incapable of wielding weapons or throwing items.
You cannot wear most types of armour.
((You are amphibious.))
You can wear up to eight rings at the same time.
((Your skin changes colour to match your surroundings (Stealth+).))
((Your rubbery body absorbs attacks. (AC +1, EV +1)))
((You are camouflaged near water. (Stealth+)))
((You have tentacles for arms and can constrict up to eight enemies at once.))


Message History

The orc wizard gestures at you while chanting.
The magic dart hits you.
An orc wizard comes into view. It is wielding a +0 dagger.
You barely miss the orc wizard. The orc warrior closely misses you.
The orc wizard mumbles some strange words.
The orc wizard flickers and vanishes!
Deactivating autopickup; reactivate with Ctrl-A.
You hit the orc wizard but do no damage.
The orc warrior closely misses you.
You hit the orc wizard but do no damage.
The orc wizard is poisoned.
The orc wizard closely misses you.
The orc warrior hits you from afar with a +0 trident!
You bite the orc wizard!
The orc wizard looks as sick as possible!
The orc wizard is severely wounded.
You kill the orc wizard!
The orc warrior completely misses you.
Your Dodging skill increases to level 9!
You hear some strange, mumbled words.
Something tries to affect you, but you resist.
You hear some strange, mumbled words.
Something tries to affect you, but you resist.
Your transformation is almost over.
There is a large open door here.
There is a large open door here.
A magic dart appears from out of thin air!
The magic dart hits you!
The orc warrior hits you with a +0 trident!
* * * LOW HITPOINT WARNING * * *
There is a large open door here.
You bite the orc warrior!
The orc warrior is moderately wounded.
The orc warrior completely misses you.
You barely miss the orc warrior.
The orc warrior is moderately wounded.
The orc warrior completely misses you.
You hit the orc warrior but do no damage.
The orc warrior is moderately wounded.
The orc warrior hits you with a +0 trident!
You die...

#......###.#.#.##
##.....#...#.#..###+
#.....#.#.#........
#.....#...#.......)
....
#.....###.#.....)).
......
#........<........)
......
#....#######.......
......
#..........'.......
......
##s##.######.......
.....###o##.#
#....... #....{.#.#
#.......
######......#.#
#.......
............#.#
######..
......^.).....# #..
..............# .>
..............#
..............# #


You could see an orc warrior.

Vanquished Creatures
  Prince Ribbit (D:6)
  A black bear (D:7)
  2 ice beasts
  2 necrophages (D:5)
  4 ogres
  A phantom (D:5)
  A kobold brigand (D:7)
  2 scorpions
  2 wyvern skeletons (D:7)
  A jelly (D:7)
  2 hounds
  5 bullfrog skeletons
  A centaur skeleton (D:5)
  2 iguanas
  3 orc wizards (D:7)
  A hound zombie (D:5)
  A hound skeleton (D:5)
  A howler monkey skeleton (D:5)
  A gnoll (D:6)
  8 adders
  3 worms
  2 dart slugs
  12 orcs
  3 bats
  4 endoplasms
  2 giant cockroaches
  5 goblins
  3 hobgoblins
  9 jackals
  6 quokkas
  5 ball pythons
  2 frilled lizards (D:2)
  16 kobolds
  3 rats
117 creatures vanquished.

Notes
Turn   | Place    | Note
-------+----------+-------------------------------------------
     0 | D:1      | Nattfarinn the Octopode Transmuter began the quest for the
                  | Orb.
     0 | D:1      | Reached XP level 1. HP: 13/13 MP: 3/3
   202 | D:1      | Reached XP level 2. HP: 5/18 MP: 5/5
  1691 | D:1      | Found a shadowy altar of Dithmenos.
  1735 | D:2      | Reached XP level 3. HP: 23/23 MP: 6/6
  1811 | D:2      | Found a sacrificial altar of Ru.
  1838 | D:2      | Found a faded altar of an unknown god.
  2258 | D:2      | Learned a level 3 spell: Spider Form
  2572 | D:2      | Reached XP level 4. HP: 26/28 MP: 7/7
  3987 | D:4      | Reached skill level 5 in Transmutations
  3987 | D:4      | Reached XP level 5. HP: 31/33 MP: 4/8
  4100 | D:4      | Noticed Menkaure
  4166 | D:3      | Learned a level 4 spell: Ice Form
  4313 | D:4      | Noticed an ogre
  4323 | D:4      | Killed an ogre
  4324 | D:4      | Reached skill level 3 in Dodging
  4324 | D:4      | Reached XP level 6. HP: 35/38 MP: 7/9
  4751 | D:5      | Entered Level 5 of the Dungeon
  4751 | D:5      | Noticed an ice beast
  4781 | D:4      | Killed an ice beast
  4782 | D:4      | Reached skill level 4 in Dodging
  5089 | D:4      | Reached XP level 7. HP: 13/43 MP: 7/10
  5423 | D:5      | Reached skill level 5 in Dodging
  5857 | D:5      | Reached skill level 6 in Dodging
  5857 | D:5      | Reached skill level 5 in Unarmed Combat
  5918 | D:5      | Reached XP level 8. HP: 46/48 MP: 11/11
  6070 | D:5      | Identified the +5 plate armour "Ylonnoo" {Dex+2}
  6446 | D:4      | Found Iral's Weapon Shoppe.
  6679 | D:6      | Identified the +8 mace "Gonlupos" {holy, rC- Str+7 Int+2}
  6955 | D:6      | Reached skill level 7 in Dodging
  7142 | D:6      | Noticed Prince Ribbit
  7154 | D:6      | Killed Prince Ribbit
  7291 | D:6      | Reached skill level 8 in Dodging
  7765 | D:7      | Reached XP level 9. HP: 40/53 MP: 9/12
  7875 | D:7      | Found a staircase to the Ecumenical Temple.
  8254 | D:7      | Reached skill level 9 in Dodging
  8263 | D:7      | Slain by an orc warrior

Illustrated notes

Levels and vault maps discovered:
D:1:      dpeg_arrival_lava_altar, layout_basic
D:2:      layout_loops_corners, shapermc_ecumenical_altar_venn, basic_altar
D:3:      layout_rooms, kennysheep_doodads, kennysheep_decorative_pillar,
          small_statue_alley_b
D:4:      layout_rooms, serial_shops, kennysheep_mini, uniq_menkaure
D:5:      layout_rooms
D:6:      layout_loops_corners, st_stairs_5, uniq_prince_ribbit1
D:7:      layout_basic, minmay_temple_entry_drinking_statues,
          nicolae_ossuary_entry_catacombs, kb_lookout_dungeons_type

Skill      XL: |  1  2  3  4  5  6  7  8  9 |
---------------+----------------------------+-----
Transmutations | 3 4 5 |  5.2
Dodging        | 3 4 6 8 9 |  9.0
Unarmed Combat | 4 5 6 |  6.8
Fighting       | |  1.0
Spellcasting   | |  2.0

Action                   |  1- 3 |  4- 6 |  7- 9 || total
-------------------------+-------+-------+-------++-------
Melee: Unarmed           |    81 |   107 |   194 ||   382
       Constrict         |    18 |    11 |    12 ||    41
       Tentacles         |    12 |    10 |    23 ||    45
       Kick              |     3 |       |       ||     3
       Punch             |     1 |     1 |     3 ||     5
 Cast: Beastly Appendage |     5 |       |       ||     5
       Spider Form       |     3 |    12 |    19 ||    34
  Use: Scroll            |       |     5 |     5 ||    10
 Stab: Sleeping          |     5 |     2 |     2 ||     9
       Distracted        |       |       |     1 ||     1
Armor: Skin              |     4 |     5 |     8 ||    17
Dodge: Dodged            |    41 |    98 |   189 ||   328

Table legend: (Time is in decaauts)
 A = Elapsed time spent in this place.
 B = Non-inter-level travel time spent in this place.
 C = Inter-level travel time spent in this place.
 D = Time resting spent in this place.
 E = Time spent auto-exploring this place.
 F = Levels seen in this place.
 G = Mean time per level.
                   A        B        C        D        E       F      G
               +--------+--------+--------+--------+--------+-----+--------+
         Total |   8238 |   7869 |    369 |   1749 |   5095 |   7 | 1176.9 |
       Dungeon |   8238 |   7869 |    369 |   1749 |   5095 |   7 | 1176.9 |
               +--------+--------+--------+--------+--------+-----+--------+

Top non-repeatable levels by time:
     D:1: 1700 daAuts
     D:4: 1499 daAuts
     D:2: 1334 daAuts
     D:3: 1241 daAuts
     D:6: 1126 daAuts
     D:5: 812 daAuts
     D:7: 523 daAuts
